 Dungeon Crawl Stone Soup version 0.28.0 (webtiles) character file.

Game seed: 10306324429444713114

381 zeram the Conjurer (level 6, -10/44 HPs)
             Began as a Gnoll Conjurer on Feb 4, 2022.
             Killed by divine providence
             ... invoked by an orc priest
              (12 damage)
             ... on level 3 of the Dungeon.
             The game lasted 00:04:33 (2693 turns).

zeram the Conjurer (Gnoll Conjurer)                 Turns: 2693, Time: 00:04:34

Health: -10/44     AC:  3    Str:  7    XL:     6   Next: 75%
Magic:  1/14       EV: 13    Int: 19    God:
Gold:   82         SH:  0    Dex: 10    Spells: 9/15 levels left

rFire   . . .      SeeInvis .   e - +0 dagger
rCold   . . .      Faith    .   (no shield)
rNeg    . . .      Spirit   .   a - +1 robe
rPois   .          Reflect  .   (no helmet)
rElec   .          Harm     .   (no cloak)
rCorr   .          Rampage  .   (no gloves)
Will    .....                   (no boots)
Stlth   ++........              (no amulet)
HPRegen 0.14/turn               (no ring)
MPRegen 0.14/turn               (no ring)

@: no status effects
A: fangs 1, strong nose, distributed training
a: no special abilities


You were on level 3 of the Dungeon.
You visited 1 branch of the dungeon, and saw 3 of its levels.

You collected 82 gold pieces.

Inventory:

Hand Weapons
 e - a +0 dagger (weapon)
Armour
 a - a +1 robe (worn)
Scrolls
 d - 2 scrolls of immolation {unknown}
 f - a scroll of fog {unknown}
 h - a scroll of magic mapping
 i - a scroll of teleportation {unknown}
 j - 2 scrolls of identify
 k - a scroll of blinking {unknown}
Potions
 b - a potion of mutation
 c - a potion of curing
 g - a potion of degeneration


   Skills:
 + Level 2.1 Fighting
 + Level 2.1 Short Blades
 + Level 2.1 Long Blades
 + Level 2.1 Axes
 + Level 2.1 Maces & Flails
 + Level 2.1 Polearms
 + Level 2.1 Staves
 + Level 2.1 Slings
 + Level 2.1 Bows
 + Level 2.1 Crossbows
 + Level 2.1 Throwing
 + Level 2.1 Armour
 + Level 5.0 Dodging
 + Level 4.7 Stealth
 + Level 2.1 Shields
 + Level 2.1 Unarmed Combat
 + Level 5.4 Spellcasting
 + Level 7.3 Conjurations
 + Level 1.6 Hexes
 + Level 1.6 Summonings
 + Level 1.6 Necromancy
 + Level 1.6 Translocations
 + Level 1.6 Transmutations
 + Level 1.6 Fire Magic
 + Level 1.6 Ice Magic
 + Level 1.6 Air Magic
 + Level 1.6 Earth Magic
 + Level 1.6 Poison Magic
 + Level 2.3 Invocations
 + Level 2.1 Evocations


You had 9 spell levels left.
You knew the following spells:

 Your Spells              Type           Power      Damage    Failure   Level
a - Magic Dart            Conj           100%       1d8       1%          1
b - Searing Ray           Conj           66%        2d6       1%          2
c - Dazzling Flash        Conj/Hex       44%        N/A       5%          3

Your spell library contained the following spells:

 Spells                   Type           Power      Damage    Failure   Level
 Fulminant Prism          Conj/Hex       11%        3d9       19%         4
 Iskenderun's Mystic Bla  Conj/Tloc      22%        2d6       19%         4


Dungeon Overview and Level Annotations

Branches:
Dungeon (3/15)

Altars:


Innate Abilities, Weirdness & Mutations

You have very sharp teeth.
Your uncanny sense of smell can sniff out nearby items.
Your experience applies equally to all skills.


Message History

The magic dart hits the orc priest.
The orc priest is almost dead.
The orc priest mumbles some strange prayers to Beogh against you.
Beogh smites you!
* * * LOW HITPOINT WARNING * * *
You hit the orc priest but do no damage.
The orc priest is almost dead.
The orc priest hits you with a +0 dagger.
* * * LOW HITPOINT WARNING * * *
You feel better.
The orc priest hits you with a +0 dagger.
Casting: Magic Dart (safe; 1% risk of failure)
Confirm with . or Enter, or press ? or * to list all spells.
You don't have enough magic to cast this spell.
Unknown command.
You hit the orc priest but do no damage.
The orc priest is almost dead.
The orc priest hits you with a +0 dagger.
You hit the orc priest but do no damage.
The orc priest is almost dead.
The orc priest closely misses you.
You barely miss the orc priest.
You bite the orc priest, but do no damage.
The orc priest is almost dead.
The orc priest invokes the aid of Beogh against you.
Beogh smites you!
* * * LOW HITPOINT WARNING * * *
Casting: Magic Dart (safe; 1% risk of failure)
Confirm with . or Enter, or press ? or * to list all spells.
Okay, then.
You hit the orc priest but do no damage.
The orc priest is almost dead.
The orc priest hits you with a +0 dagger.
* * * LOW HITPOINT WARNING * * *
You hit the orc priest but do no damage.
You bite the orc priest.
The orc priest is almost dead.
The orc priest calls down the wrath of Beogh upon you.
Beogh smites you!
You die... ..........### ............ ...o....... ........ .oog.

. #og# ... #.#
.....########.##########
....!..@o)))............
##############.##.######
#.##.# #.##.######
#)#...'..#. #.#..###.##
#.###..#..# #)##..###)#
#.####..#..


You could see an orc priest.

Vanquished Creatures
  Sigmund (D:3)
  An ogre (D:3)
  6 adders
  A worm (D:3)
  4 orcs (D:3)
  6 ball pythons
  6 endoplasms
  2 giant cockroaches (D:2)
  4 goblins
  4 hobgoblins
  6 jackals
  A quokka (D:1)
  11 bats
  4 frilled lizards (D:1)
  11 kobolds
  7 rats
75 creatures vanquished.

Notes
Turn   | Place    | Note
-------+----------+-------------------------------------------
     0 | D:1      | zeram the Gnoll Conjurer began the quest for the Orb.
     0 | D:1      | Reached XP level 1. HP: 13/13 MP: 6/6
   249 | D:1      | Reached XP level 2. HP: 17/19 MP: 7/7
   539 | D:1      | Reached XP level 3. HP: 22/25 MP: 3/9
   542 | D:1      | Learned a level 2 spell: Searing Ray
   546 | D:1      | Learned a level 3 spell: Dazzling Flash
   716 | D:1      | Reached skill level 5 in Spellcasting
  1015 | D:2      | Reached skill level 1 in Invocations
  1425 | D:2      | Reached skill level 1 in Fighting
  1425 | D:2      | Reached skill level 1 in Short Blades
  1425 | D:2      | Reached skill level 1 in Long Blades
  1425 | D:2      | Reached skill level 1 in Axes
  1425 | D:2      | Reached skill level 1 in Maces & Flails
  1425 | D:2      | Reached skill level 1 in Polearms
  1425 | D:2      | Reached skill level 1 in Staves
  1425 | D:2      | Reached skill level 1 in Slings
  1425 | D:2      | Reached skill level 1 in Bows
  1425 | D:2      | Reached skill level 1 in Crossbows
  1425 | D:2      | Reached skill level 1 in Throwing
  1425 | D:2      | Reached skill level 1 in Armour
  1425 | D:2      | Reached skill level 1 in Shields
  1425 | D:2      | Reached skill level 1 in Unarmed Combat
  1425 | D:2      | Reached skill level 1 in Evocations
  1425 | D:2      | Reached XP level 4. HP: 32/32 MP: 4/11
  1677 | D:3      | Noticed Sigmund
  1685 | D:3      | Killed Sigmund
  1686 | D:3      | Reached skill level 1 in Hexes
  1686 | D:3      | Reached skill level 1 in Summonings
  1686 | D:3      | Reached skill level 1 in Necromancy
  1686 | D:3      | Reached skill level 1 in Translocations
  1686 | D:3      | Reached skill level 1 in Transmutations
  1686 | D:3      | Reached skill level 1 in Fire Magic
  1686 | D:3      | Reached skill level 1 in Ice Magic
  1686 | D:3      | Reached skill level 1 in Air Magic
  1686 | D:3      | Reached skill level 1 in Earth Magic
  1686 | D:3      | Reached skill level 1 in Poison Magic
  1686 | D:3      | Reached XP level 5. HP: 28/38 MP: 2/12
  1686 | D:3      | Reached XP level 6. HP: 33/44 MP: 2/13
  2025 | D:3      | Reached skill level 5 in Dodging
  2692 | D:3      | HP: 2/44 [orc priest (1)]
  2693 | D:3      | Killed from afar by an orc priest

Illustrated notes

Levels and vault maps discovered:
D:1:      amcnicky_arrival_single_pillar, layout_loops_ring
D:2:      layout_basic
D:3:      minmay_razor_zed, layout_basic, shapermc_ecumenical_altar_pompeii,
          uniq_sigmund

Skill      XL: |  1  2  3  4  5  6 |
---------------+-------------------+-----
Spellcasting   | 5 |  5.4
Invocations    | 1 2 |  2.3
Fighting       | 1 2 |  2.1
Short Blades   | 1 2 |  2.1
Long Blades    | 1 2 |  2.1
Axes           | 1 2 |  2.1
Maces & Flails | 1 2 |  2.1
Polearms       | 1 2 |  2.1
Staves         | 1 2 |  2.1
Slings         | 1 2 |  2.1
Bows           | 1 2 |  2.1
Crossbows      | 1 2 |  2.1
Throwing       | 1 2 |  2.1
Armour         | 1 2 |  2.1
Shields        | 1 2 |  2.1
Unarmed Combat | 1 2 |  2.1
Evocations     | 1 2 |  2.1
Hexes          | 1 |  1.6
Summonings     | 1 |  1.6
Necromancy     | 1 |  1.6
Translocations | 1 |  1.6
Transmutations | 1 |  1.6
Fire Magic     | 1 |  1.6
Ice Magic      | 1 |  1.6
Air Magic      | 1 |  1.6
Earth Magic    | 1 |  1.6
Poison Magic   | 1 |  1.6
Dodging        | 5 |  5.0
Stealth        | |  4.7
Conjurations   | |  7.3

Action                   |  1- 3 |  4- 6 || total
-------------------------+-------+-------++-------
Melee: Dagger            |    79 |    85 ||   164
       Punch             |     1 |       ||     1
       Bite              |     3 |     9 ||    12
 Cast: Magic Dart        |    16 |     9 ||    25
       Searing Ray       |     3 |     9 ||    12
  Use: Scroll            |     3 |     3 ||     6
       Potion            |       |     1 ||     1
 Stab: Sleeping          |    12 |    10 ||    22
Armor: Robe              |    31 |    25 ||    56
Dodge: Dodged            |    86 |    72 ||   158
